cohdb
Replays
Latest Replays
All Replays
Popular Replays
Top Player Replays
Match Explorer
How It Works
Community
CoH3 Stats
Reddit
Sign in to upload your games and track your stats! →
Sign in with Steam
Match 40950302
Unlisted
Match 40950302
Overview
Messages
Build Orders
End
Pioneer Squad
Construct Infanterie Kompanie
Selects Terror Battlegroup
Selects Terror Battlegroup
Grenadier Squad
Grenadier Squad
MG 42 Machine Gun Team
Selects Machine Gun Camouflage
MG 42 Machine Gun Team
Construct Luftwaffe Kompanie
Flak 30 Anti-aircraft Gun Team
221 Scout Car
Jäger Squad
Selects Defend the Fatherland
Jäger Squad
Support Elements
Wirbelwind Flakpanzer
Marder III M Tank Destroyer
.
KevinTDW
NooJ
Enoche
0
0
Comments
sign in to comment!
No comments posted yet!